 Dungeon Crawl Stone Soup version 0.18-a0-1347-gb9e2fb4 (webtiles) character file.

311226 Tomstefer the Slayer (level 20, -9/304 HPs)
             Began as a Minotaur Berserker on Feb 17, 2016.
             Was the Champion of Trog.
             Killed from afar by a starcursed mass (11 damage)
             ... with an accursed screaming
             ... on level 2 of the Abyss.
             The game lasted 02:25:44 (38103 turns).

Tomstefer the Slayer (Minotaur Berserker)          Turns: 38103, Time: 02:25:44

Health: -9/304     AC: 36    Str: 41    XL:     20   Next: 41%
Magic:  26/26      EV: 16    Int:  4    God:    Trog [******]
Gold:   2732       SH:  0    Dex: 12    Spells: 0 memorised, 19 levels left

rFire  . . .     SeeInvis .     x - +8 double sword of Mastery {speed, rElec Str+4}
rCold  . . .     Gourm    .     F - +3 plate armour {rPois}
rNeg   . . .     Faith    .     (no shield)
rPois  +         Spirit   .     y - +2 hat
rElec  +         Dismiss  .     e - +2 cloak
rCorr  .         Reflect  .     a - +1 pair of gloves "Nirojotz" {+Fly rElec}
SustAt .         Harm     .     I - +2 pair of boots {Fly}
MR     +....     Rnd*Rage +     V - amulet of regeneration
Stlth  ..........               E - ring "Roneaf" {EV+2 Str+3}
                                D - +6 ring of strength

@: berserking, flying, non-regenerating, mildly diseased, glowing, very quick,
somewhat resistant to hostile enchantments, extremely unstealthy
A: retaliatory headbutt, horns 2, berserk 1, clumsy 2, poison resistance,
regeneration 1, weak 1
a: Berserk, Trog's Hand, Brothers in Arms, Burn Spellbooks, Renounce Religion,
Stop Flying
}: 2/15 runes: decaying, serpentine


You were on level 2 of the Abyss.
You worshipped Trog.
Trog was exalted by your worship.
You were not hungry.

You visited 6 branches of the dungeon, and saw 34 of its levels.
You visited the Abyss 2 times.
You also visited: Labyrinth and Ice Cave.

You collected 3987 gold pieces.
You spent 1255 gold pieces at shops.

Inventory:

Hand Weapons
 p - a +3 great sword of flaming
 w - a +7 longbow of freezing
 x - the +8 double sword of Mastery (weapon) {speed, rElec Str+4}
   (Trog gifted it to you on level 2 of the Abyss)

   Attacks with this weapon are significantly faster.
   It affects your strength (+4).
   It insulates you from electricity.
 T - a +6 antimagic demon blade
 W - the +10 sword of Jihad {holy, *Rage rN+ EV+3 Stlth-}
   (Trog gifted it to you on level 9 of the Dungeon)

   It has been blessed by the Shining One to cause great damage to the undead
   and demons.
   It affects your evasion (+3).
   It protects you from negative energy.
   It may make you go berserk in combat.
   It makes you less stealthy.
Missiles
 G - 42 arrows of frost
 M - 1125 arrows
Armour
 a - the +1 pair of gloves "Nirojotz" (worn) {+Fly rElec}
   (You took it off Nikola on level 3 of the Elven Halls)

   It insulates you from electricity.
   It lets you fly.
 b - a +0 shield of reflection
 e - a +2 cloak (worn)
 y - a +2 hat (worn)
 F - a +3 plate armour of poison resistance (worn)
 I - a +2 pair of boots of flying (worn)
Rods
 J - a +2 rod of ignition (11/11)
   (You took it off a naga on level 1 of the Snake Pit)
 L - a +1 rod of ignition (11/11)
   (You found it on level 1 of the Swamp)
Jewellery
 D - a +6 ring of strength (left hand)
 E - the ring "Roneaf" (right hand) {EV+2 Str+3}
   (You found it on level 6 of the Lair of Beasts)

   [ring of evasion]

   It affects your evasion (+2).
   It affects your strength (+3).
 V - an amulet of regeneration (around neck)
Wands
 l - a wand of heal wounds (3/9)
 n - a wand of paralysis (6/24)
 v - a wand of flame (27/48)
 Z - a wand of digging (15/24)
Scrolls
 f - 2 scrolls of torment {unknown}
 i - 6 scrolls of enchant weapon
 k - a scroll of fog
 m - 8 scrolls of fear
 o - 4 scrolls of blinking
 q - 8 scrolls of identify
 s - 10 scrolls of remove curse
 B - 5 scrolls of enchant armour
 K - 2 scrolls of magic mapping
Potions
 d - 20 potions of curing
 h - 4 potions of berserk rage
 r - 2 potions of cancellation
 u - a potion of resistance
 z - 2 potions of invisibility
 A - 3 potions of agility
 P - a potion of might
 R - 7 potions of haste
 X - 4 potions of heal wounds
Miscellaneous
 t - a lantern of shadows
 U - a legendary deck of war {Foxfire}
 Y - a disc of storms
Comestibles
 c - 12 bread rations
 g - 22 meat rations
 j - 2 slices of pizza
 N - 2 royal jellies
 Q - 8 fruits
 S - 4 beef jerkies


   Skills:
 + Level 23.1 Fighting
 - Level 21.0 Long Blades
 - Level 5.7 Bows
 + Level 23.1 Armour
 - Level 9.0 Dodging
 - Level 11.0 Shields
 - Level 9.3 Evocations


You had 19 spell levels left.
You didn't know any spells.

Dungeon Overview and Level Annotations

Branches:
Dungeon (15/15)            Temple (0/1) D:5            Lair (6/8) D:10
  Swamp (4/4) Lair:4        Snake (4/4) Lair:6          Orc (2/2) D:10
    Elf (3/3) Orc:2        Vaults (0/5) D:13         Depths (0/5) D:15
  Slime: Lair:6-8

Altars:
Ashenzari
Cheibriados
Fedhas
Gozag
Kikubaaqudgha
Makhleb
Nemelex Xobeh
Okawaru
Pakellas
Qazlal
Ru
Trog
Vehumet
Xom
Yredelemnul
The Shining One
Beogh

Shops:
D:9 ?   D:11 (   D:14 !??%   Orc:2 %?%[[   Elf:1 }:?%


Innate Abilities, Weirdness & Mutations

You reflexively headbutt those who attack you in melee.
You have a pair of horns on your head.
You tend to lose your temper in combat.
Your system is resistant to poisons.
Your natural rate of healing is unusually fast.
You are weak. (Str -2)
[You are very clumsy. (Dex -4)]


Message History

You hear a roar!
The orange demon barely misses you. The freezing wraith misses you.
You furiously retaliate!
You headbutt the freezing wraith!
The freezing wraith hits you but does no damage.
The starcursed mass barely misses you. You furiously retaliate!
You headbutt the starcursed mass!
The starcursed mass shudders and is absorbed by its neighbour.
The daeva calls down the wrath of the Shining One upon you.
The Shining One smites you!
* * * LOW HITPOINT WARNING * * *
The great orb of eyes bites you but does no damage.
You feel a strong urge to attack something.
The ynoxinul completely misses you. You furiously retaliate!
You headbutt the ynoxinul!!
You feel the power of Trog in you as your rage grows.
You kill the ynoxinul!
Trog accepts your kill.
A starcursed mass splits.
A deafening chorus of shrieks assaults your mind!
You die...

..≈≈v##.#.#.#
# .#≈≈≈.. .#.#
..#..≈ ≈....#.
#.. ≈≈≈... #.
# #AX...≈≈##.
#. #X#5.≈≈≈# #
#. %.
#X##X..≈≈≈...
. ##.#XX.)#≈≈
≈ # %.
#W@G4....# ♣
#. #
#.†...X##>†#.
≈...
#.#..#.#... ≈
.#..# #
#.###..####..≈
# # #. ..##.
..##♣≈ # #...
# # #.##≈ .§.
.. .. . # ..


You could see 7 starcursed masses, a daeva, a great orb of eyes, an orange demon
and a freezing wraith.

Vanquished Creatures
  Mara (Swamp:3)
  Saint Roka (Elf:3)
  Vashnia (Snake:3)
  Nikola (Elf:3)
  Jorgrun (Swamp:3)
  2 liches (Abyss:2)
  A deep elf blademaster (Elf:3)
  An Executioner (Abyss:2)
  3 thorn hunters
  Agnes (Elf:1)
  3 tentacled starspawn (Abyss:2)
  2 eldritch tentacles
  The ghost of 4thArraOfDagon the Brawler, an adept TrAE of Cheibriados (Elf:3)
  A revenant (Abyss:2)
  8 greater nagas
  The ghost of YrmMerkstave the Swashbuckler, an adept HaAs of Dithmenos (Snake:4)
  Donald (Orc:2)
  2 deep elf sorcerers (Elf:3)
  Maud (D:13)
  A cacodemon (Abyss:2)
  The ghost of furman the Prestidigitator, an adept OpIE of Vehumet (Swamp:2)
  3 deep elf annihilators
  3 deep elf demonologists
  A white draconian (Abyss:2)
  4 deep elf death magi
  A minotaur (Lab)
  An ettin (D:15)
  Erolcha (D:13)
  2 rakshasas (Abyss:2)
  15 hydras
  4 deep elf high priests
  2 ice dragons (IceCv)
  2 ghost crabs
  24 naga warriors
  17 anacondas
  3 centaur warriors
  23 dancing weapons
  2 ogre magi
  5 alligators
  A spriggan berserker (Swamp:4)
  4 tengu warriors (D:15)
  18 naga sharpshooters
  Nergalle (Lair:3)
  7 thrashing horrors (Abyss:2)
  4 hell hogs (Abyss:2)
  8 wretched stars (Abyss:2)
  A soul eater (Abyss:2)
  20 deep elf knights
  13 shock serpents
  A shadow wraith (Abyss:2)
  A spatial maelstrom (Abyss:2)
  12 large abominations
  5 salamander mystics (Snake:4)
  7 swamp dragons
  A death drake (Elf:1)
  A sea snake (Elf:1)
  A giant orange brain (Abyss:2)
  A deep troll (D:15)
  An unseen horror (D:10)
  7 naga ritualists
  3 hill giants
  11 deep elf archers
  2 shambling mangroves
  A wolf spider zombie (D:15)
  14 ugly things
  2 hornets
  A manticore (D:15)
  An oklob plant (Lair:5)
  53 deep elf magi
  12 mana vipers
  52 black mambas
  14 salamanders
  6 elephants (Lair:6)
  5 cyclopes
  A centaur zombie (D:15)
  2 sixfirhies (Abyss:2)
  4 worldbinders (Abyss:2)
  Maurice (D:10)
  11 guardian serpents
  2 orange demons (Abyss:2)
  Joseph (D:8)
  A torpor snail (shapeshifter) (Elf:3)
  2 ice statues (IceCv)
  Psyche (D:8)
  30 naga magi
  2 torpor snails (Lair:4)
  5 apocalypse crabs (Abyss:2)
  3 smoke demons (Abyss:2)
  A gargoyle (D:15)
  2 centaur skeletons
  21 spiny frogs
  3 kobold demonologists
  An efreet (D:15)
  2 ice devils (D:15)
  5 komodo dragons
  2 fire drakes
  12 ancient zymes (Abyss:2)
  A queen bee (shapeshifter) (Elf:1)
  A polar bear (Lair:6)
  3 trolls
  2 tengu conjurers
  5 two-headed ogres
  16 raiju (Abyss:2)
  20 slime creatures
  4 giant leeches
  16 blink frogs
  8 bog bodies
  A centaur simulacrum (D:15)
  8 shadows
  28 yaks
  2 air elementals
  4 redbacks
  7 spriggans
  A tarantella (Elf:1)
  5 ynoxinuls (Abyss:2)
  2 wyverns
  5 hogs (Swamp:1)
  7 hippogriffs
  A hog (shapeshifter) (Elf:1)
  4 water elementals
  2 fire bats (Abyss:2)
  A golden eye (Abyss:2)
  2 hungry ghosts
  3 basilisks
  3 chaos spawn (Abyss:2)
  4 fire elementals
  A steam dragon (D:12)
  11 wolves
  4 neqoxecs (Abyss:2)
  A warg (Orc:2)
  11 vampire mosquitoes
  13 swamp worms
  6 insubstantial wisps
  64 nagas
  Edmund (D:6)
  2 spatial vortices (Elf:1)
  A mottled dragon (D:14)
  5 hell hounds (Abyss:2)
  12 water moccasins
  6 porcupines
  15 swamp drakes
  18 ice beasts
  8 sky beasts
  35 orc warriors
  3 eyes of draining
  A necrophage (D:10)
  2 phantoms
  17 wasps
  13 centaurs
  9 ogres
  7 crocodiles
  6 big kobolds
  17 giant frogs
  2 wyvern zombies
  An earth elemental (Elf:1)
  4 scorpions
  6 killer bees
  15 wights
  An electric eel (Snake:4)
  13 small abominations (Abyss:2)
  10 crimson imps
  2 giant frog zombies
  6 lava snakes (Snake:2)
  2 quasits
  9 starcursed masses (Abyss:2)
  2 jellies
  10 hounds
  4 gnoll shamans
  9 orc priests
  Crazy Yiuf (D:2)
  4 giant frog skeletons
  An iron imp (Abyss:2)
  13 iguanas
  Ijyb (D:2)
  12 orc wizards
  6 worker ants
  3 killer bee zombies
  15 sheep
  A hound skeleton (D:9)
  3 worker ant zombies
  Robin (D:4)
  14 gnolls
  33 river rats
  9 adders
  2 shadow imps
  8 white imps (Abyss:2)
  3 oozes
  5 ufetubi (Abyss:2)
  An adder zombie (D:6)
  7 giant geckos
  54 orcs
  5 ball pythons
  6 bats
  3 giant cockroaches
  10 hobgoblins
  6 jackals
  25 kobolds
  4 quokkas
  A giant newt (D:2)
  2 gnoll zombies (D:4)
  15 goblins
  5 goblin skeletons (D:5)
  A goblin zombie (D:5)
  A hobgoblin zombie (D:5)
  A jackal skeleton (D:4)
  A kobold skeleton (D:5)
  A kobold zombie (D:5)
  2 orc skeletons (D:5)
  2 orc zombies (D:5)
  A quokka skeleton (D:4)
  A quokka zombie (D:5)
  10 rats
  A crawling corpse (Elf:3)
  A fungus (Lair:5)
  2 starspawn tentacles (Abyss:2)
1410 creatures vanquished.

Vanquished Creatures (collateral kills)
  2 deep elf annihilators (Elf:3)
  A deep elf death mage (Elf:3)
  A crawling corpse (Elf:3)
4 creatures vanquished.

Vanquished Creatures (others)
  Kirke (Swamp:1)
  2 naga sharpshooters
  2 thrashing horrors (Abyss:2)
  A deep elf knight (Elf:3)
  A deep elf archer (Elf:1)
  A deep elf mage (Elf:3)
  A spiny frog (Swamp:2)
  A human (Swamp:1)
  A naga (Snake:1)
  A small abomination (Abyss:2)
  178 eldritch tentacle segments
  A fungus (Lair:2)
  A plant (D:8)
  9 starspawn tentacles (Abyss:2)
  121 starspawn tentacle segments (Abyss:2)
322 creatures vanquished.

Grand Total: 1736 creatures vanquished

Notes
Turn   | Place    | Note
--------------------------------------------------------------
     0 | D:1      | Tomstefer the Minotaur Berserker began the quest for the Orb.
     0 | D:1      | Reached XP level 1. HP: 19/19 MP: 0/0
    33 | D:1      | Reached skill level 4 in Long Blades
    43 | D:1      | Found a sparkling altar of Nemelex Xobeh.
   372 | D:1      | Reached XP level 2. HP: 26/26 MP: 1/1
   733 | D:2      | Reached skill level 5 in Long Blades
   740 | D:2      | Reached XP level 3. HP: 28/31 MP: 2/2
   765 | D:2      | Noticed Ijyb
   779 | D:2      | Killed Ijyb
   779 | D:2      | Reached ** piety under Trog
   779 | D:2      | Reached XP level 4. HP: 27/39 MP: 3/3
   842 | D:2      | Found a blossoming altar of Fedhas.
   845 | D:2      | Found an ancient bone altar of Kikubaaqudgha.
   861 | D:2      | Found a shimmering altar of Xom.
   887 | D:2      | Reached skill level 6 in Long Blades
  1167 | D:2      | Found a snail-covered altar of Cheibriados.
  1198 | D:2      | Noticed Crazy Yiuf
  1202 | D:2      | Killed Crazy Yiuf
  1202 | D:2      | Reached skill level 7 in Long Blades
  1202 | D:2      | Reached XP level 5. HP: 45/45 MP: 4/4
  1714 | D:3      | Found a shattered altar of Ashenzari.
  1845 | D:3      | Found an opulent altar of Gozag.
  2206 | D:4      | Noticed Robin
  2224 | D:4      | Reached *** piety under Trog
  2229 | D:4      | Killed Robin
  2508 | D:4      | Found a basalt altar of Yredelemnul.
  2649 | D:5      | Entered Level 5 of the Dungeon
  2659 | D:5      | Found a staircase to the Ecumenical Temple.
  2746 | D:5      | Found an oddly glowing altar of Pakellas.
  2798 | D:5      | Reached XP level 6. HP: 47/53 MP: 5/5
  2920 | D:5      | Found a glowing golden altar of the Shining One.
  2922 | D:5      | Reached skill level 5 in Fighting
  3101 | D:5      | Found an iron altar of Okawaru.
  3516 | D:6      | Noticed Edmund
  3539 | D:6      | Killed Edmund
  3539 | D:6      | Reached skill level 5 in Armour
  3539 | D:6      | Reached XP level 7. HP: 30/64 MP: 6/6
  3545 | D:6      | Got a translucent short sword
  3579 | D:6      | Identified the cursed +0 short sword of Aliolo {pain, rElec MR+ Str+2 Dex-4} (You found it on level 6 of the Dungeon)
  3796 | D:6      | Reached XP level 8. HP: 68/74 MP: 7/7
  4033 | D:7      | Reached skill level 8 in Fighting
  4344 | D:7      | Found a radiant altar of Vehumet.
  4345 | D:7      | Found a burning altar of Makhleb.
  4577 | D:7      | Reached **** piety under Trog
  5035 | D:8      | Noticed a cyclops
  5041 | D:8      | Killed a cyclops
  5041 | D:8      | Reached skill level 9 in Armour
  5116 | D:8      | Noticed Psyche
  5122 | D:8      | Cast into level 1 of the Abyss (Psyche)
  5130 | Abyss:1  | Found a corrupted altar of Lugonu.
  5146 | D:8      | Escaped the Abyss
  5260 | D:8      | Reached XP level 9. HP: 50/82 MP: 8/8
  6045 | D:8      | Reached skill level 10 in Armour
  6361 | D:8      | Found a bloodstained altar of Trog.
  6363 | D:8      | Noticed Joseph
  6401 | D:8      | Killed Joseph
  6401 | D:8      | Reached skill level 10 in Long Blades
  6962 | D:8      | Killed Psyche
  7203 | D:8      | Reached skill level 11 in Long Blades
  7248 | D:8      | Reached ***** piety under Trog
  7255 | D:8      | Reached skill level 10 in Fighting
  7262 | D:8      | Reached XP level 10. HP: 91/93 MP: 9/9
  7430 | D:9      | Found Foixor's Magic Scroll Boutique.
  7519 | D:9      | Found a sacrificial altar of Ru.
  7934 | D:9      | Found a sparkling altar of Nemelex Xobeh.
  8093 | D:9      | Received a gift from Trog
  8506 | D:10     | Entered Level 10 of the Dungeon
  8553 | D:10     | Found a staircase to the Orcish Mines.
  8654 | D:10     | Reached skill level 12 in Long Blades
  8655 | D:10     | Killed an unseen horror
  8687 | D:10     | Noticed a deep elf mage
  8697 | D:10     | Killed a deep elf mage
  8846 | D:10     | Noticed Maurice
  8855 | D:10     | Killed Maurice
  8981 | D:10     | Reached skill level 13 in Long Blades
  8984 | D:10     | Reached XP level 11. HP: 98/104 MP: 10/10
  8989 | D:10     | Noticed a centaur warrior
  9000 | D:10     | Killed a centaur warrior
  9061 | D:10     | Noticed a hill giant
  9065 | D:10     | Killed a hill giant
  9301 | D:10     | Noticed a hill giant
  9310 | D:10     | Killed a hill giant
  9482 | D:10     | Reached skill level 1 in Bows
  9682 | D:10     | Found a staircase to the Lair.
  9876 | Lair:1   | Entered Level 1 of the Lair of Beasts
 10500 | Lair:1   | Found a bloodstained altar of Trog.
 10843 | Lair:2   | Received a gift from Trog
 11253 | Lair:2   | Reached skill level 5 in Bows
 11264 | Lair:2   | Reached XP level 12. HP: 116/116 MP: 11/11
 12030 | Lair:3   | Reached skill level 14 in Fighting
 12063 | Lair:3   | Noticed Nergalle
 12072 | Lair:3   | Killed Nergalle
 12243 | Lair:3   | Received a gift from Trog
 12416 | Lair:3   | Identified a scroll of acquirement
 13220 | Lair:4   | Reached skill level 15 in Fighting
 13320 | Lair:4   | Identified the Guide on Burning Conjuration
 13439 | Lair:4   | Found a staircase to the Swamp.
 13452 | Lair:4   | Received a gift from Trog
 14522 | Lair:6   | Found a staircase to the Snake Pit.
 14620 | Lair:6   | Got a faintly glowing brass ring
 14623 | Lair:6   | Identified the ring "Roneaf" {EV+2 Str+3} (You found it on level 6 of the Lair of Beasts)
 14630 | Lair:6   | Reached XP level 13. HP: 127/127 MP: 12/12
 15050 | Lair:6   | Gained mutation: Your natural rate of healing is unusually fast. [potion of beneficial mutation]
 15465 | Orc:1    | Entered Level 1 of the Orcish Mines
 15548 | Orc:1    | Found a bloodstained altar of Trog.
 15683 | Orc:2    | Entered Level 2 of the Orcish Mines
 15723 | Orc:2    | Found a staircase to the Elven Halls.
 15736 | Orc:2    | Found Hioxaump's Food Boutique.
 15736 | Orc:2    | Found a roughly hewn altar of Beogh.
 15779 | Orc:2    | Noticed Donald
 15792 | Orc:2    | Killed Donald
 15822 | Orc:2    | Reached skill level 16 in Fighting
 15846 | Orc:2    | Received a gift from Trog
 16044 | Orc:2    | Reached skill level 15 in Long Blades
 16089 | Orc:2    | Found a labyrinth entrance.
 16117 | Lab      | Entered a labyrinth
 16932 | Lab      | Noticed a minotaur
 16942 | Lab      | Killed a minotaur
 17361 | Orc:2    | Found Buem's Food Shoppe.
 17361 | Orc:2    | Found Notuwkir's Antique Armour Boutique.
 17363 | Orc:2    | Found Qolobar's Armour Shop.
 17365 | Orc:2    | Found Ywohaa's Magic Scroll Emporium.
 17380 | Orc:2    | Bought a +0 shield of reflection for 136 gold pieces
 17388 | Orc:2    | Bought a pair of runed gloves for 157 gold pieces
 17388 | Orc:2    | Bought a runed plate armour for 805 gold pieces
 17388 | Orc:2    | Bought a pair of glowing boots for 157 gold pieces
 17722 | Snake:1  | Entered Level 1 of the Snake Pit
 17728 | Snake:1  | Reached skill level 1 in Shields
 17809 | Snake:1  | Received a gift from Trog
 17809 | Snake:1  | Reached skill level 5 in Shields
 18459 | Snake:1  | Reached XP level 14. HP: 131/137 MP: 13/13
 18698 | Snake:1  | Reached skill level 10 in Shields
 19040 | Snake:2  | Noticed a greater naga
 19053 | Snake:2  | Killed a greater naga
 19375 | Snake:2  | Reached ****** piety under Trog
 19405 | Snake:2  | Received a gift from Trog
 19623 | Snake:2  | Reached skill level 5 in Dodging
 20331 | Snake:3  | Noticed a greater naga
 20343 | Snake:3  | Killed a greater naga
 20343 | Snake:3  | Reached skill level 17 in Fighting
 20448 | Snake:3  | Reached XP level 15. HP: 120/147 MP: 14/14
 20930 | Snake:3  | Noticed Vashnia
 20958 | Snake:3  | Killed Vashnia
 20969 | Snake:3  | Received a gift from Trog
 21233 | Snake:3  | Reached skill level 18 in Fighting
 21323 | Snake:3  | Identified a +2 rod of ignition (11/11) (You took it off a naga on level 1 of the Snake Pit)
 21394 | Snake:3  | Received a gift from Trog
 21728 | Snake:4  | Entered Level 4 of the Snake Pit
 21835 | Snake:4  | Reached skill level 15 in Armour
 22042 | Snake:4  | Noticed YrmMerkstave's ghost (adept HaAs)
 22066 | Snake:4  | Killed YrmMerkstave's ghost
 22137 | Snake:4  | Reached XP level 16. HP: 140/159 MP: 15/15
 22401 | Snake:4  | Received a gift from Trog
 22526 | Snake:4  | Reached skill level 19 in Fighting
 22927 | Snake:4  | Received a gift from Trog
 23078 | Snake:4  | Got a serpentine rune of Zot
 23853 | D:11     | Found a sacrificial altar of Ru.
 23966 | D:11     | Received a gift from Trog
 24012 | D:11     | Found Ameu's Antique Weapon Boutique.
 24026 | D:11     | Reached XP level 17. HP: 169/169 MP: 16/16
 25488 | D:13     | Found a gate to the Vaults.
 25699 | D:13     | Noticed Erolcha
 25704 | D:13     | Killed Erolcha
 25950 | D:13     | Noticed Maud
 25957 | D:13     | Killed Maud
 26291 | D:14     | Found Ilout's Food Boutique.
 26305 | D:14     | Received a gift from Trog
 26325 | D:14     | Reached skill level 20 in Fighting
 26447 | D:14     | Found Jimmecw's Magic Scroll Boutique.
 26508 | D:14     | Found a stormy altar of Qazlal.
 26593 | D:14     | Found Cani's Distillery.
 26611 | D:14     | Found Kyanaso's Magic Scroll Emporium.
 26755 | D:15     | Entered Level 15 of the Dungeon
 26889 | D:15     | Found a frozen archway.
 26903 | IceCv    | Entered an ice cave
 28000 | D:15     | Found a staircase to the Depths.
 28078 | D:15     | Received a gift from Trog
 28154 | D:15     | Found a sacrificial altar of Ru.
 28420 | Elf:1    | Entered Level 1 of the Elven Halls
 28643 | Elf:1    | Found Befiowno's Food Shop.
 28728 | Elf:1    | Noticed Agnes
 28739 | Elf:1    | Killed Agnes
 28871 | Elf:1    | Found Kazxelih's Book Boutique.
 28872 | Elf:1    | Found Muckael's Gadget Boutique.
 29033 | Elf:1    | Identified the Handbook of Dislocation
 29112 | Elf:1    | Found Isitho Icwi's Magic Scroll Emporium.
 29244 | Elf:1    | Received a gift from Trog
 29269 | Elf:1    | Identified the Tome of Shifting Venom
 29592 | Elf:1    | Reached XP level 18. HP: 164/180 MP: 17/17
 29939 | Elf:1    | You are sucked into a shaft!
 29953 | Elf:2    | Reached skill level 21 in Fighting
 30074 | Elf:2    | Found a huge runed gate.
 30075 | Elf:2    | Found a huge runed gate.
 30076 | Elf:2    | Found a huge runed gate.
 30077 | Elf:2    | Found a huge runed gate.
 30078 | Elf:2    | Found a huge runed gate.
 30284 | Elf:2    | Received a gift from Trog
 30331 | Elf:2    | Received a gift from Trog
 30408 | Elf:2    | Received a gift from Trog
 30836 | Elf:2    | Noticed a Hell Sentinel
 31389 | Swamp:1  | Entered Level 1 of the Swamp
 31696 | Swamp:1  | Noticed Kirke
 31717 | Swamp:1  | Killed Kirke
 31852 | Swamp:1  | Identified a +1 rod of ignition (11/11) (You found it on level 1 of the Swamp)
 32123 | Swamp:1  | Received a gift from Trog
 32142 | Swamp:1  | Reached skill level 1 in Evocations
 32349 | Swamp:2  | Noticed furman's ghost (adept OpIE)
 32362 | Swamp:2  | Killed furman's ghost
 32484 | Swamp:2  | You are sucked into a shaft!
 32508 | Swamp:3  | Noticed Jorgrun
 32570 | Swamp:3  | Killed Jorgrun
 32637 | Swamp:3  | Reached skill level 22 in Fighting
 32755 | Swamp:3  | Noticed Mara
 32773 | Swamp:3  | Noticed Tomstefer's illusion
 32774 | Swamp:3  | Killed Mara
 32774 | Swamp:3  | Reached XP level 19. HP: 191/191 MP: 19/21
 33351 | Swamp:4  | Entered Level 4 of the Swamp
 33699 | Swamp:4  | Reached skill level 5 in Evocations
 33742 | Swamp:4  | Received a gift from Trog
 33934 | Swamp:4  | Gained mutation: Your system is resistant to poisons. [potion of beneficial mutation]
 34017 | Swamp:4  | Got a faintly humming plate armour
 34048 | Swamp:4  | Identified the +0 plate armour "Doosogem" {Int+3 Stlth+} (You found it on level 4 of the Swamp)
 34158 | Swamp:4  | Got a decaying rune of Zot
 35346 | Elf:3    | Entered Level 3 of the Elven Halls
 35346 | Elf:3    | Noticed Nikola
 35355 | Elf:3    | Killed Nikola
 35357 | Elf:3    | Got a pair of transparent gloves
 35368 | Elf:3    | Identified the +1 pair of gloves "Nirojotz" {+Fly rElec} (You took it off Nikola on level 3 of the Elven Halls)
 35831 | Elf:3    | Noticed 4thArraOfDagon's ghost (adept TrAE)
 35843 | Elf:3    | Killed 4thArraOfDagon's ghost
 35925 | Elf:3    | Noticed Saint Roka
 35966 | Elf:3    | Killed Saint Roka
 36125 | Elf:3    | Received a gift from Trog
 36483 | Elf:3    | Cast into level 2 of the Abyss (a deep elf demonologist)
 36650 | Abyss:2  | Gained mutation: You are weak. (Str -2) [a neqoxec]
 36690 | Abyss:2  | Found a bloodstained altar of Trog.
 36835 | Abyss:2  | Received a gift from Trog
 36866 | Abyss:2  | Got a scorched double sword {god gift}
 36880 | Abyss:2  | Identified the +8 double sword of Mastery {speed, rElec Str+4} (Trog gifted it to you on level 2 of the Abyss)
 36948 | Abyss:2  | Gained mutation: You tend to lose your temper in combat. [a neqoxec]
 37267 | Abyss:2  | Lost intelligence.
 37471 | Abyss:2  | Noticed a lich
 37476 | Abyss:2  | Killed a lich
 37476 | Abyss:2  | Reached XP level 20. HP: 202/202 MP: 24/26
 37765 | Abyss:2  | Found a corrupted altar of Lugonu.
 37797 | Abyss:2  | Paralysed by accursed screaming for 2 turns
 38004 | Abyss:2  | Reached skill level 23 in Armour
 38102 | Abyss:2  | HP: 2/304 [daeva/divine providence (14)]
 38103 | Abyss:2  | Killed from afar by a starcursed mass

Vault maps used:
D:1:      minmay_arrival_plants_in_alcoves, nemelex_deck
D:2:      grunt_temple_overflow_growth_and_decay, lemuel_doored_altar,
          cheibriados_altar_1, nicolae_underground_beach, uniq_iyjb,
          uniq_crazy_yiuf_cottage
D:3:      lemuel_round_altar, first_bread, grunt_gozag_statues
D:4:      lemuel_zombie_altar_yredelemnul, uniq_robin
D:5:      nicolae_tso_besieged_by_evil, lemuel_round_altar,
          minmay_temple_entry_junction2, st_stairs_2, grunt_pakellas_sulfur
D:6:      uniq_edmund
D:7:      grunt_temple_overflow_lords_of_destruction, the_bakery
D:8:      kennysheep_housing_project, bloody_trog, kb_rosetta, uniq_psyche,
          uniq_joseph
D:9:      kennysheep_little_box, kennysheep_mini, serial_shops,
          nicolae_shop_waterfront
D:10:     hangedman_cross_cluster, uniq_maurice
D:11:     serial_shops, shop, basic_altar
D:12:     kennysheep_nub
D:13:     david_vaults_2, uniq_maud, uniq_erolcha
D:14:     serial_shops, shop, nicolae_shop_statue_plus, nicolae_shop_crystal,
          nicolae_shop_behind_doors, basic_altar, hangedman_decor_peaks_small
D:15:     hangedman_depths_entry_civil_slaughter, portal_ice_cave_demonic_guard,
          st_stairs_4, hangedman_ru_absence
Lair:1:   basic_altar, grunt_megastairs_5
Lair:2:   serial_bayou_pond_d
Lair:3:   uniq_nergalle
Lair:4:   minmay_swamp_entry_reptiles
Lair:5:   grunt_megastairs_4, serial_bayou_shore_a
Lair:6:   guppyfry_snake_entry_island
Swamp:1:  evilmike_swamp_ruin_rubble_2, uniq_kirke
Swamp:2:  evilmike_swamp_ruin_house_3
Swamp:3:  evilmike_swamp_ruin_house_6, swamp_pool4, uniq_jorgrun, uniq_mara
Swamp:4:  swamp_basic_johnstein, swamp_pool5
Snake:2:  spider_trap, st_stairs_13, nicolae_snake_lava_pool
Snake:3:  hangedman_snake_sidewinding, uniq_vashnia
Snake:4:  johnstein_snake_rune_scales, serial_bayou_pond_b
Orc:1:    basic_altar
Orc:2:    st_orc_rangers, lab_entry_generic, basic_altar, serial_shops, shop,
          uniq_donald
Elf:1:    serial_shops, shop, nicolae_shop_trees, shop,
          nicolae_shop_scaring_up_business, serial_hangedman_research,
          hangedman_research_metamorphosis, hangedman_research_probablistics,
          hangedman_research_toxicology, hangedman_research_thanatology,
          hangedman_research_quantum, evilmike_minifort, uniq_agnes
Elf:3:    minmay_elf_hall_four_x, uniq_nikola, uniq_saint_roka
Lab:      nicolae_lab_dead_adventurers, nicolae_lab_checkerboard,
          labyrinth_skeletal_remains, nicolae_lab_plus, lab_fountain
IceCv:    ice_cave_small_dragons

Action                   |  1- 3 |  4- 6 |  7- 9 | 10-12 | 13-15 | 16-18 | 19-21 || total
-------------------------+-------+-------+-------+-------+-------+-------+-------++-------
Melee: Falchion          |    15 |       |       |       |       |       |       ||    15
       Whip              |    42 |   218 |   141 |       |       |       |       ||   401
       Short sword       |       |       |   129 |       |       |       |       ||   129
       Scimitar          |       |       |    33 |    77 |       |       |       ||   110
       Eudemon blade     |       |       |       |   511 |   896 |  1264 |   287 ||  2958
       Great sword       |       |       |       |       |       |     2 |    10 ||    12
       Demon blade       |       |       |       |       |       |   104 |   132 ||   236
       Double sword      |       |       |       |       |       |       |   339 ||   339
Invok: Berserk           |     1 |     1 |     2 |       |     7 |     5 |     7 ||    23
       Trog's Hand       |       |       |     1 |       |     4 |     4 |     3 ||    12
       Burn Spellbooks   |       |       |     1 |     3 |     1 |     5 |     1 ||    11
       Brothers in Arms  |       |       |       |       |       |       |     1 ||     1
Evoke: Wand              |       |       |       |       |     2 |       |       ||     2
       Rod               |       |       |       |       |       |       |     2 ||     2
  Use: Scroll            |       |     2 |     1 |    22 |     6 |    10 |     3 ||    44
       Potion            |       |       |       |       |     8 |     2 |     2 ||    12
 Stab: Invisible         |       |       |       |       |       |       |     3 ||     3
       Confused          |       |       |       |       |       |       |     1 ||     1
  Eat: Chunk             |       |    11 |    12 |    28 |    23 |    25 |     8 ||   107
       Pizza             |       |       |     1 |     1 |     1 |       |       ||     3
       Bread ration      |       |       |       |     1 |     4 |     8 |     6 ||    19
